 Seeded DCSS version 0.31-a0-1112-ga3593d9 (webtiles) character file.

Game seed: 100574766925336005 (custom seed)

903 brinewave the Ducker (level 7, -1/31 HPs)
             Began as a Felid Hedge Wizard on Dec 3, 2023.
             Was an Initiate of Vehumet.
             Slain by Grinder (6 damage)
             ... on level 6 of the Dungeon.
             The game lasted 00:34:08 (8100 turns).

brinewave the Ducker (Felid Hedge Wizard)           Turns: 8100, Time: 00:34:09

Health: -1/31      AC:  2    Str:  6    XL:     7   Next: 80%
Magic:  4/14       EV: 24    Int: 18    God:    Vehumet [......]
Gold:   168        SH:  0    Dex: 15    Spells: 11/15 levels left
                                        Lives:  0   Deaths: 3

rFire   . . .        (weapon unavailable)
rCold   . . .        (shield unavailable)
rNeg    . . .        (body armour unavailable)
rPois   .            (helmet unavailable)
rElec   .            (cloak unavailable)
rCorr   .            (gloves unavailable)
SInv    +            (boots unavailable)
Will    +....        (no amulet)
Stlth   ++           e - ring of flight
HPRegen 0.25/turn    f - +5 ring of evasion
MPRegen 0.14/turn

%: no passive effects
@: flying, quick
A: very small, claws 1, fangs 3, see invisible, speed 1, shaggy fur 2, stealthy
paws, no weapons or thrown items, no armour, multi-lived
a: Renounce Religion


You were on level 6 of the Dungeon.
You worshipped Vehumet.
Vehumet was noncommittal.
You visited 1 branch of the dungeon, and saw 6 of its levels.
You also visited: Ossuary.

You collected 168 gold pieces.

Inventory:

Jewellery
 e - a ring of flight (left paw)
 f - a +5 ring of evasion (right paw)
 p - an amulet of faith
Talismans
 i - a flux talisman
Wands
 o - a wand of flame (11)
 r - a wand of mindburst (13)
Scrolls
 c - 5 scrolls of teleportation
 d - a scroll of vulnerability {unknown}
 g - a scroll of noise {unknown}
 h - a scroll of amnesia
 j - a scroll of enchant weapon {unknown}
 s - a scroll of enchant armour {unknown}
 t - a scroll of poison {unknown}
Potions
 a - 5 potions of magic
 b - a potion of ambrosia
 k - a potion of heal wounds
 l - a potion of lignification {unknown}
 m - a potion of berserk rage {unknown}
 n - a potion of degeneration {unknown}
 q - 2 potions of curing
 u - a potion of brilliance {unknown}


   Skills:
 + Level 3.6 Fighting
 + Level 5.5 Dodging
 - Level 2.6 Stealth
 + Level 4.6 Spellcasting
 + Level 3.5 Conjurations
 + Level 4.5 Hexes
 + Level 2.8 Summonings
 - Level 1.6 Translocations


You had 11 spell levels left.
You knew the following spells:

 Your Spells              Type           Power      Damage    Failure   Level
a - Magic Dart            Conj           64%        1d6       3%          1
b - Slow                  Hex            80%        N/A       2%          1
c - Call Imp              Summ           28%        N/A       7%          2

Your spell library contained the following spells:

 Spells                   Type           Power      Damage    Failure   Level
 Blink                    Tloc           20%        N/A       11%         2
 Stone Arrow              Conj/Erth      20%        3d8       21%         3
 Cigotuvi's Dreadful Rot  Necr/Pois/Air  8%         N/A       22%         2
 Mephitic Cloud           Conj/Pois/Air  8%         N/A       26%         3
 Lehudib's Crystal Spear  Conj/Erth      5%         10d3      100%        8
 Animate Armour           Summ/Erth      Unusable   N/A       N/A         4

Dungeon Overview and Level Annotations

Branches:
Dungeon (6/15)             Temple (0/1) D:5         Ossuary (visited)

Altars:
Ashenzari
Cheibriados
Elyvilon
Nemelex Xobeh
Vehumet

Annotations:
D:2 1 runed translucent door, Crazy Yiuf
D:6 2 runed translucent doors, Caterwaul's ghost, novice DERe; Grinder; Maggie


Innate Abilities, Weirdness & Mutations

You have sharp claws.
You have razor-sharp teeth.
You have supernaturally acute eyesight. (SInv)
You cover ground quickly. (Speed+)
You are covered in thick fur. (AC +2)
Your paws help you pounce on unaware monsters.
You are incapable of wielding weapons or throwing items.
You cannot wear armour.
You gain extra lives every three experience levels.


Message History

Aiming: Magic Dart (safe; 3% risk of failure)
Press: ? - help, Q - select action, (/) - cycle Shift-Dir - straight line, f/p - Grinder
Aim: Grinder (heavily wounded, ally target, 100% to hit)
The magic dart hits Grinder.
Grinder is heavily wounded.
Grinder completely misses you.
Your cerulean imp misses Grinder.
Your magical contamination has completely faded away.
Aiming: Magic Dart (safe; 3% risk of failure)
Press: ? - help, Q - select action, (/) - cycle Shift-Dir - straight line, f/p - Grinder
Aim: Grinder (heavily wounded, ally target, 100% to hit)
The magic dart hits Grinder.
Grinder is severely wounded.
Grinder gestures at you.
You shrug off the repeated paralysis!
Your cerulean imp barely misses Grinder.
Aiming: Magic Dart (safe; 3% risk of failure)
Press: ? - help, Q - select action, (/) - cycle Shift-Dir - straight line, f/p - Grinder
Aim: Grinder (severely wounded, ally target, 100% to hit)
The magic dart hits Grinder.
Grinder is severely wounded.
Grinder misses you.
Your cerulean imp hits Grinder with a -3 spear.
Aiming: Magic Dart (safe; 3% risk of failure)
Press: ? - help, Q - select action, (/) - cycle Shift-Dir - straight line, f/p - Grinder
Aim: Grinder (severely wounded, ally target, 100% to hit)
The magic dart hits Grinder.
Grinder is severely wounded.
Grinder grins, showing sharp teeth.
Grinder misses you.
Your cerulean imp hits Grinder but does no damage.
Aiming: Magic Dart (safe; 3% risk of failure)
Press: ? - help, Q - select action, (/) - cycle Shift-Dir - straight line, f/p - Grinder
Aim: Grinder (severely wounded, not watching you, ally target, 100% to hit)
The magic dart hits Grinder.
Grinder is almost dead.
Grinder hits you!
* * * LOW HITPOINT WARNING * * *
You writhe in agony.
You die...
Grinder says, "Now the real fun starts!"

.................................
...........<...###...............
...............#_#...............
.....<.........#'#.....<.........
.................................
.........>........#####..........
###.....†.#####'### ##..#######
#.......#.....5# #..# h...
#.......+....5@# #..#D .F..
#.......#......# #..+.h .$
#..........≈≈≈.# #..+.F.
###+....≈≈≈≈#≈.#
#....≈≈≈≈#≈≈≈≈..#
#....≈#≈≈≈≈#≈≈≈.#
##...≈≈≈#≈≈≈≈#≈.#
#....≈≈≈≈#≈≈≈≈...
####.≈#≈≈≈≈#≈≈≈..


You could see Grinder (ally target) and a friendly cerulean imp (summoned).

Vanquished Creatures
  A scorpion (D:5)
  A howler monkey (D:4)
  A jelly (D:6)
  2 hounds (D:4)
  3 orc priests (D:5)
  2 sleepcaps (D:5)
  2 iguanas
  An orc wizard (D:5)
  A mummy (Ossuary)
  A howler monkey zombie (Ossuary)
  4 gnolls
  4 adders
  A white imp (D:5)
  2 ufetubi (D:6)
  5 dart slugs
  13 orcs
  4 ball pythons
  4 bats
  9 endoplasms
  6 giant cockroaches
  11 goblins
  7 hobgoblins
  9 jackals
  7 kobolds
  4 quokkas
  4 frilled lizards
  2 jackal zombies (D:4)
  5 rats
  A rat zombie (D:4)
117 creatures vanquished.

Vanquished Creatures (collateral kills)
  A black bear (D:6)
  An ogre (D:5)
  A phantom (D:6)
  A gnoll (D:5)
4 creatures vanquished.

Grand Total: 121 creatures vanquished

Notes
Turn   | Place    | Note
-------+----------+-------------------------------------------
     0 | D:1      | brinewave the Felid Hedge Wizard began the quest for the
                  | Orb.
     0 | D:1      | Reached XP level 1. HP: 7/7 MP: 5/5
   190 | D:1      | Reached skill level 1 in Conjurations
   390 | D:1      | Reached XP level 2. HP: 10/12 MP: 1/7
   397 | D:1      | Reached skill level 3 in Dodging
   724 | D:1      | Reached skill level 1 in Fighting
   934 | D:1      | Reached XP level 3. HP: 15/15 MP: 3/8
  1138 | D:1      | Mangled by a kobold
  1690 | D:2      | Learned a level 1 spell: Slow
  2168 | D:2      | Found a runed translucent door.
  2169 | D:2      | Noticed Crazy Yiuf
  2483 | D:3      | Reached skill level 1 in Hexes
  2483 | D:3      | Reached XP level 4. HP: 14/19 MP: 0/10
  3939 | D:4      | Reached XP level 5. HP: 16/22 MP: 1/11
  3942 | D:4      | Found a white marble altar of Elyvilon.
  3995 | D:4      | Reached skill level 4 in Dodging
  4052 | D:4      | Found a sand-covered staircase.
  4063 | Ossuary  | Entered an ossuary
  4509 | D:4      | Learned a level 2 spell: Call Imp
  4761 | D:5      | Entered Level 5 of the Dungeon
  4771 | D:5      | Noticed an ogre
  5470 | D:5      | Gained mutation: You are covered in thick fur. (AC +2)
                  | [Felid growth]
  5470 | D:5      | Reached XP level 6. HP: 27/27 MP: 5/12
  5971 | D:5      | Found a sparkling altar of Nemelex Xobeh.
  6084 | D:5      | Found a snail-covered altar of Cheibriados.
  6385 | D:5      | Slain by an ogre
  6604 | D:5      | Reached XP level 7. HP: 28/31 MP: 1/14
  6919 | D:6      | Reached skill level 5 in Dodging
  7091 | D:6      | Found a radiant altar of Vehumet.
  7099 | D:6      | Became a worshipper of Vehumet
  7108 | D:6      | Found a runed translucent gate.
  7108 | D:6      | Noticed Caterwaul's ghost (novice DERe)
  7110 | D:6      | Found a runed translucent gate.
  7589 | D:5      | Slain by a gnoll bouda
  7641 | D:5      | Found a staircase to the Ecumenical Temple.
  7682 | D:6      | Noticed Maggie
  7818 | D:6      | Noticed Grinder
  8080 | D:6      | Found a broken altar of Ashenzari.
  8091 | D:6      | Paralysed by Grinder for 5 turns
  8100 | D:6      | Slain by Grinder

Illustrated notes

Levels and vault maps discovered:
D:1:      lemuel_arrival_funnel, layout_loops_ring
D:2:      layout_rooms, uniq_crazy_yiuf_cottage
D:3:      layout_loops_corners, hangedman_feature_mirror
D:4:      layout_loops_ring, mainiacjoe_overflow_chevrons, enter_ossuary_3,
          minmay_ruptured
D:5:      layout_gridville, nemelex_diamond_rough_becter,
          mainiacjoe_overflow_brackets, temple_hall
D:6:      layout_gridville, kennysheep_mini, vehumet_crystals,
          gammafunk_ghost_split, nicolae_lava_and_water, serial_bayou_pond_d,
          uniq_menkaure, uniq_edmund, uniq_maggie, uniq_grinder

Skill      XL: |  1  2  3  4  5  6  7 |
---------------+----------------------+-----
Conjurations   | 1 2 3 |  3.5
Dodging        | 3 4 5 |  5.5
Fighting       | 1 2 3 |  3.6
Hexes          | 1 2 3 4 |  4.5
Spellcasting   | 4 |  4.6
Summonings     | 2 |  2.8
Stealth        | |  2.6
Translocations | |  1.6

Action                     |  1- 3 |  4- 6 |  7- 9 || total
---------------------------+-------+-------+-------++-------
  Melee: Unarmed           |    61 |    82 |    39 ||   182
         Bite              |     5 |    13 |     6 ||    24
         Punch             |       |       |     2 ||     2
   Cast: Magic Dart        |   132 |   269 |   135 ||   536
         Slow              |       |     4 |     1 ||     5
         Call Imp          |       |     4 |     8 ||    12
    Use: Scroll            |     3 |     1 |     1 ||     5
 Armour: Skin              |    32 |    40 |    30 ||   102
  Dodge: Dodged            |    56 |   208 |    92 ||   356

Table legend: (Time is in decaauts)
 A = Elapsed time spent in this place.
 B = Non-inter-level travel time spent in this place.
 C = Inter-level travel time spent in this place.
 D = Time resting spent in this place.
 E = Time spent auto-exploring this place.
 F = Levels seen in this place.
 G = Mean time per level.
                   A        B        C        D        E       F      G
               +--------+--------+--------+--------+--------+-----+--------+
         Total |   7337 |   7089 |    248 |   1192 |   4185 |   7 | 1048.1 |
       Dungeon |   7296 |   7048 |    248 |   1184 |   4185 |   6 | 1216.0 |
       Ossuary |     41 |     41 |      0 |      7 |      0 |   1 |   41.0 |
               +--------+--------+--------+--------+--------+-----+--------+

Top non-repeatable levels by time:
     D:5: 1968 daAuts
     D:1: 1498 daAuts
     D:4: 1331 daAuts
     D:3: 1109 daAuts
     D:6: 718 daAuts
     D:2: 670 daAuts
 Ossuary: 41 daAuts
